 Dungeon Crawl Stone Soup version 0.29.1-15-g9cfb28693d (webtiles) character file.

Game seed: 14120964067437765680

112 Eitelfritz the Firebug (level 4, 0/30 HPs)
             Began as a Demonspawn Fire Elementalist on Apr 14, 2023.
             Slain by a gnoll
             ... wielding a +0 flail
             ... led by a gnoll bouda
              (12 damage)
             ... on level 3 of the Dungeon.
             The game lasted 00:07:50 (2759 turns).

Eitelfritz the Firebug (DsFE)                       Turns: 2759, Time: 00:07:50

Health: 0/30       AC:  2    Str:  9    XL:     4   Next: 63%
Magic:  2/7        EV: 12    Int: 18    God:
Gold:   115        SH:  0    Dex: 13    Spells: 2/8 levels left

rFire   . . .      SeeInvis .   a - +1 short sword (vamp)
rCold   . . .      Faith    .   (no shield)
rNeg    . . .      Spirit   .   d - +0 robe
rPois   .          Reflect  .   (no helmet)
rElec   .          Harm     .   (no cloak)
rCorr   .          Rampage  .   (no gloves)
Will    .....                   (no boots)
Stlth   ++........              (no amulet)
HPRegen 0.10/turn               n - ring of wizardry
MPRegen 0.10/turn               (no ring)

@: weakened
A: powered by death 1, weakness stinger 1
a: no special abilities


You were on level 3 of the Dungeon.
You visited 1 branch of the dungeon, and saw 3 of its levels.

You collected 163 gold pieces.
You spent 48 gold pieces at shops.

Inventory:

Hand Weapons
 a - a +1 vampiric short sword (weapon)
 i - a +0 dagger of speed
 k - a +0 sling
Missiles
 j - 6 poisoned darts
 m - 2 curare-tipped darts
Armour
 d - a +0 robe (worn)
Jewellery
 n - a ring of wizardry (left hand)
Scrolls
 e - 2 scrolls of amnesia {unknown}
 g - 3 scrolls of noise {unknown}
 h - 5 scrolls of identify {unknown}
 o - a scroll of poison {unknown}
 p - a scroll of enchant weapon {unknown}
 q - a scroll of enchant armour {unknown}
 r - a scroll of brand weapon {unknown}
Potions
 b - a potion of magic
 c - a potion of brilliance {unknown}
 f - 3 potions of curing
 l - 2 potions of berserk rage {unknown}


   Skills:
 + Level 0.4 Short Blades
 + Level 2.1 Dodging
 + Level 2.2 Stealth
 + Level 2.6 Spellcasting
 + Level 1.3 Conjurations
 + Level 4.0 Fire Magic


You had 2 spell levels left.
You knew the following spells:

 Your Spells              Type           Power      Damage    Failure   Level
a - Foxfire               Conj/Fire      48%        2x1d6     2%          1
b - Scorch                Fire           32%        2d7       1%          2
c - Conjure Flame         Conj/Fire      12%        6-21      7%          3

Your spell library contained the following spells:

 Spells                   Type           Power      Damage    Failure   Level
 Apportation              Tloc           4%         N/A       7%          1
 Inner Flame              Hex/Fire       9%         N/A       9%          3
 Gell's Gravitas          Tloc           2%         N/A       21%         3
 Teleport Other           Tloc           2%         N/A       21%         3
 Flame Wave               Conj/Fire      12%        2d6       22%         4
 Alistair's Intoxication  Tmut/Pois      1%         N/A       86%         5
 Dispersal                Tloc           1%         N/A       100%        6


Dungeon Overview and Level Annotations

Branches:
Dungeon (3/15)

Altars:

Shops:
D:1 !

Annotations:
D:2 1 runed translucent door, Crazy Yiuf


Innate Abilities, Weirdness & Mutations

You regenerate a little health from kills.
You have a small tail.


Message History

The gnoll is lightly wounded.
The bat barely misses you. The gnoll hits you with a +0 flail.
The gnoll hits you with a +0 whip.
Unknown command.
The gnoll attacks as you move away! The gnoll hits you with a +0 whip.
The bat hits you.
Casting: Foxfire (safe; 2% risk of failure)
Confirm with . or Enter, or press ? or * to list all spells.
You conjure some foxfire!
The bat hits you but does no damage. The gnoll closely misses you.
The gnoll bouda gazes fiercely through you!
You feel your attacks grow feeble. The gnoll barely misses you.
The gnoll attacks as you move away! The gnoll hits you with a +0 flail!
The foxfire hits the gnoll but does no damage.
The gnoll is heavily wounded.
The foxfire hits the gnoll.
The gnoll is severely wounded.
The gnoll bouda calls upon its god to heal the gnoll.
The gnoll's wounds heal themselves!
The gnoll barely misses you. The gnoll misses you.
The gnoll attacks as you move away! The gnoll misses you.
The gnoll is no longer moving quickly.
The gnoll bouda gazes fiercely through you!
You feel as though you will be weak longer.
The bat barely misses you. The gnoll closely misses you.
The gnoll is no longer moving quickly.
The bat hits you. The bat barely misses you.
The gnoll bouda gazes fiercely through you!
You feel as though you will be weak longer.
Casting: Foxfire (safe; 2% risk of failure)
Confirm with . or Enter, or press ? or * to list all spells.
You conjure some foxfire!
The bat closely misses you.
The gnoll bouda barks out a call to the hunt!
The gnolls pick up the pace!
The gnoll closely misses you.
The foxfire hits the gnoll.
The gnoll is heavily wounded.
Your foxfire dissipates!
The gnoll hits you with a +0 flail!
You die...

#...........................
#.........##.#.#....##......
####........###...g..#..##.....
.............####.g...<........
####.........####..............
#.........#.............##.#
#.........#g.<.........## ..
#.........#.g..#####...# #
##<......##@g.†.....†..#
####..).÷###.b..####.#^......
.........###....# #..#.#.#...
########.<.#....# #.#..#.....
###...##.# #. .## #... ###..#.#
#. .# ### ##...# #. .#
##......... #........


You could see a gnoll bouda, 3 gnolls, a hobgoblin and a bat.

Vanquished Creatures
  Jessica (D:2)
  3 adders (D:3)
  4 worms (D:2)
  2 dart slugs (D:1)
  2 orcs (D:3)
  A bat (D:3)
  3 endoplasms
  7 goblins
  6 hobgoblins
  4 jackals
  A quokka (D:3)
  3 ball pythons
  A frilled lizard (D:1)
  2 kobolds (D:1)
  A rat (D:1)
41 creatures vanquished.

Vanquished Creatures (others)
  75 foxfires
  5 toadstools (D:1)
80 creatures vanquished.

Grand Total: 121 creatures vanquished

Notes
Turn   | Place    | Note
-------+----------+-------------------------------------------
     0 | D:1      | Eitelfritz the Demonspawn Fire Elementalist began the quest
                  | for the Orb.
     0 | D:1      | Reached XP level 1. HP: 13/13 MP: 3/3
   397 | D:1      | Reached skill level 3 in Fire Magic
   524 | D:1      | Gained mutation: You regenerate a little health from kills.
                  | [demonic ancestry]
   524 | D:1      | Reached XP level 2. HP: 19/19 MP: 5/5
   527 | D:1      | Learned a level 2 spell: Scorch
   545 | D:1      | Found Wocigga's Distillery.
   552 | D:1      | Bought a potion of degeneration for 12 gold pieces
   552 | D:1      | Bought a potion of curing for 36 gold pieces
  1464 | D:2      | Gained mutation: You have a small tail. [demonic ancestry]
  1464 | D:2      | Reached XP level 3. HP: 24/24 MP: 0/6
  1606 | D:2      | Noticed Jessica
  1629 | D:2      | Killed Jessica
  2078 | D:2      | Reached XP level 4. HP: 29/30 MP: 4/7
  2251 | D:2      | Identified the +9 hammer of Rotation {antimagic, *Rage
                  | rElec rPois Will++}
  2254 | D:2      | Identified the +3 hammer "Beetleslayer" {flame, rF- Int+3
                  | SInv}
  2259 | D:2      | Found a runed translucent door.
  2260 | D:2      | Noticed Crazy Yiuf
  2267 | D:2      | Learned a level 3 spell: Conjure Flame
  2631 | D:3      | Reached skill level 4 in Fire Magic
  2759 | D:3      | Slain by a gnoll

Illustrated notes

Levels and vault maps discovered:
D:1:      ldierk_walled_garden, layout_loops_cross, serial_shops, shop
D:2:      layout_basic, uniq_crazy_yiuf_cottage, uniq_jessica
D:3:      layout_rooms, hellmonk_ecumenical_altar_run_dry

Skill      XL: |  1  2  3  4 |
---------------+-------------+-----
Fire Magic     | 3 4 |  4.0
Stealth        | 2 |  2.2
Dodging        | 2 |  2.1
Short Blades   | |  0.4
Spellcasting   | |  2.6
Conjurations   | |  1.3

Action                   |  1- 3 |  4- 6 || total
-------------------------+-------+-------++-------
Melee: Short sword       |    28 |    15 ||    43
       Punch             |     1 |       ||     1
       Tailslap          |     1 |     3 ||     4
 Cast: Foxfire           |    29 |    17 ||    46
       Scorch            |     7 |     8 ||    15
 Stab: Sleeping          |     4 |       ||     4
Armor: Robe              |     4 |     5 ||     9
Dodge: Dodged            |    25 |    38 ||    63
